 Dungeon Crawl Stone Soup version 0.30-b1-2-g02819fbbbe (webtiles) character file.

Game seed: 12519014278933148960

12532 Fartwhistle the Skirmisher (level 11, 0/87 HPs)
             Began as a Gnoll Hunter on Sept 18, 2023.
             Was an Initiate of Gozag.
             Slain by a wolf (5 damage)
             ... on level 1 of the Lair of Beasts.
             The game lasted 00:23:25 (10876 turns).

Fartwhistle the Skirmisher (Gnoll Hunter)          Turns: 10876, Time: 00:23:26

Health: 0/87       AC: 18    Str: 18    XL:     11   Next: 94%
Magic:  21/21      EV: 11    Int: 10    God:    Gozag
Gold:   838        SH:  0    Dex: 17    Spells: 16/24 levels left

rFire   . . .        a - +4 arbalest (freeze)
rCold   . . .        (shield currently unavailable)
rNeg    . . .        l - +0 shadow dragon scales
rPois   +            r - +0 helmet
rElec   .            o - +0 cloak
rCorr   .            d - +0 pair of gloves
SInv    .            (no boots)
Will    .....        (no amulet)
Stlth   +++++        k - +6 ring of strength
HPRegen 0.34/turn    t - ring of poison resistance
MPRegen 0.17/turn

%: no passive effects
@: gold aura
A: fangs 1, strong nose, distributed training
a: Renounce Religion, Potion Petition, Call Merchant, Bribe Branch


You were on level 1 of the Lair of Beasts.
You worshipped Gozag.
Gozag was pleased with you.
You visited 2 branches of the dungeon, and saw 11 of its levels.
You also visited: Sewer.

You collected 2245 gold pieces.
You spent 165 gold pieces at shops.
You paid 1242 gold pieces to Gozag.

Inventory:

Hand Weapons
 a - a +4 arbalest of freezing (weapon)
 z - a +2 vampiric dagger
 F - a +2 dagger of venom
 G - the +1 whip "Xeof" {speed, Int+4 Dex+3}
   (You found it on level 3 of the Dungeon)

   Int:       It affects your intelligence (+4).
   Dex:       It affects your dexterity (+3).
Missiles
 A - 2 curare-tipped darts
 Q - a throwing net
Armour
 d - a +0 pair of gloves (worn)
 l - +0 shadow dragon scales (worn)
 o - a +0 cloak (worn)
 r - a +0 helmet (worn)
 x - the +2 robe "Torr" {rC++ Str-4 Int+3}
   (You found it in a sewer)

   Str:       It affects your strength (-4).
   Int:       It affects your intelligence (+3).
   rC:        It greatly protects you from cold.
 P - a +2 buckler of fire resistance
Jewellery
 c - a ring of ice
 e - a ring of magical power
 k - a +6 ring of strength (left hand)
 q - an amulet of guardian spirit
 t - a ring of poison resistance (right hand)
 J - a ring of protection from fire
 L - a ring of positive energy
 T - a +6 ring of strength
Wands
 I - a wand of flame (21)
 M - a wand of mindburst (4)
 O - a wand of iceblast (13)
Scrolls
 b - a scroll of immolation
 f - 2 scrolls of noise
 i - 7 scrolls of teleportation
 p - 2 scrolls of magic mapping
 s - 2 scrolls of fear
 u - a scroll of silence
 v - 2 scrolls of enchant armour {unknown}
 y - 3 scrolls of blinking {unknown}
 D - 3 scrolls of vulnerability
 E - a scroll of torment {unknown}
 H - 2 scrolls of brand weapon {unknown}
 K - 3 scrolls of amnesia {unknown}
 N - a scroll of identify
 S - a scroll of fog {unknown}
Potions
 g - 2 potions of berserk rage
 h - 6 potions of heal wounds
 j - 5 potions of curing
 m - 4 potions of haste
 n - 3 potions of mutation {unknown}
 w - a potion of magic
 B - 3 potions of flight {unknown}
 C - a potion of resistance {unknown}
 R - a potion of attraction {unknown}
 U - a potion of degeneration {unknown}


   Skills:
 + Level 8.5 Fighting
 + Level 7.0 Short Blades
 + Level 7.0 Long Blades
 + Level 7.0 Axes
 + Level 7.0 Maces & Flails
 + Level 7.0 Polearms
 + Level 7.0 Staves
 + Level 11.0 Ranged Weapons
 + Level 7.0 Throwing
 + Level 7.0 Armour
 + Level 8.5 Dodging
 + Level 7.4 Stealth
 + Level 7.0 Shields
 + Level 7.0 Unarmed Combat
 + Level 7.0 Spellcasting
 + Level 5.8 Conjurations
 + Level 5.8 Hexes
 + Level 5.8 Summonings
 + Level 5.8 Necromancy
 + Level 5.8 Translocations
 + Level 5.8 Transmutations
 + Level 5.8 Fire Magic
 + Level 5.8 Ice Magic
 + Level 5.8 Air Magic
 + Level 5.8 Earth Magic
 + Level 5.8 Poison Magic
 + Level 7.7 Invocations
 + Level 7.0 Evocations


You had 16 spell levels left.
You knew the following spells:

 Your Spells              Type           Power      Damage    Failure   Level
a - Slow                  Hex            60%        N/A       17%         1
b - Confusing Touch       Hex            15%        N/A       45%         3
c - Airstrike             Air            7%         2d(2-18)  86%         4

Your spell library contained the following spells:

 Spells                   Type           Power      Damage    Failure   Level
 Sandblast                Erth           30%        2d9       17%         1
 Shock                    Conj/Air       60%        1d6       17%         1
 Passwall                 Tmut/Erth      12%        N/A       26%         2
 Gell's Gravitas          Tloc           15%        N/A       45%         3
 Inner Flame              Hex/Fire       15%        N/A       45%         3
 Stone Arrow              Conj/Erth      30%        3d8       45%         3
 Swiftness                Air            15%        N/A       45%         3
 Teleport Other           Tloc           15%        N/A       45%         3
 Vampiric Draining        Necr           15%        2d7       45%         3
 Flame Wave               Conj/Fire      15%        2d7       86%         4
 Sticky Flame             Conj/Fire      15%        2d4       86%         4
 Alistair's Intoxication  Tmut/Pois      10%        N/A       99%         5
 Borgnjor's Vile Clutch   Necr/Erth      7%         N/A       99%         5
 Death Channel            Necr           7%         N/A       100%        6
 Dispersal                Tloc           7%         N/A       100%        6
 Eringya's Noxious Bog    Tmut/Pois      7%         N/A       100%        6
 Animate Dead             Necr           Unusable   N/A       N/A         4

Dungeon Overview and Level Annotations

Branches:
Dungeon (10/15)            Temple (0/1) D:6            Lair (1/5) D:8
    Orc (0/2) D:9           Sewer (visited)

Altars:
Ashenzari
Fedhas
Gozag
Kikubaaqudgha
Makhleb
Ru
Sif Muna
Uskayaw

Shops:
D:8 !

Annotations:
D:10 Erolcha


Innate Abilities, Weirdness & Mutations

You have very sharp teeth.
Your uncanny sense of smell can sniff out nearby items.
Your experience applies equally to all skills.


Message History

The polar bear goes berserk!
Unknown command.
Fire: a) +4 arbalest (freeze)
Press: ? - help, Q - select action, (/) - cycle Shift-Dir - straight line, f/p - polar bear
Aim: a polar bear (severely wounded, berserk, 75% to hit)
You shoot a bolt. The bolt hits the polar bear!
The bolt freezes the polar bear.
The polar bear is almost dead.
The polar bear closely misses you.
The polar bear claws you but does no damage. x2
The polar bear barely misses you.
The polar bear claws you but does no damage.
The polar bear barely misses you. x2
The polar bear claws you but does no damage. x2
Fire: a) +4 arbalest (freeze)
Press: ? - help, Q - select action, (/) - cycle Shift-Dir - straight line, f/p - polar bear
Aim: a polar bear (almost dead, berserk, 75% to hit)
You shoot a bolt. The bolt barely misses the polar bear.
The wolf is no longer distracted by gold.
The wolf misses you. The polar bear bites you. The polar bear claws you.
The polar bear claws you but does no damage.
The wolf bites you but does no damage. The polar bear bites you!!
* * * LOW HITPOINT WARNING * * *
The polar bear claws you but does no damage.
The polar bear claws you.
* * * LOW HITPOINT WARNING * * *
The wolf bites you but does no damage.
Fire: a) +4 arbalest (freeze)
Press: ? - help, Q - select action, (/) - cycle Shift-Dir - straight line, f/p - polar bear
Aim: a polar bear (almost dead, berserk, 75% to hit)
You shoot a bolt. The bolt closely misses the polar bear.
The polar bear closely misses you. The polar bear claws you.
* * * LOW HITPOINT WARNING * * *
The polar bear claws you but does no damage.
The wolf barely misses you.
The polar bear bites you but does no damage.
The polar bear claws you but does no damage. x2
The wolf bites you.
You die...
Your body crumbles into a pile of gold.

...# ######....#.
...##########...........
........................
........................
........#####...........
..P##.### #...........
.###### ###.$$...... ##
##hh...#P# # #@##### #
###


You could see a polar bear (berserk) and a wolf.

Vanquished Creatures
  2 two-headed ogres
  A centaur warrior (D:10)
  2 cyclopes
  A black mamba (Lair:1)
  3 kobold demonologists
  3 trolls
  2 wyverns
  22 yaks
  2 steam dragons
  3 wargs
  An acid dragon (D:10)
  3 water moccasins
  An ice beast (D:5)
  4 sky beasts
  2 wolves (Lair:1)
  2 centaurs (D:9)
  3 ogres (D:6)
  3 phantoms (D:6)
  3 kobold brigands
  A gnoll sergeant (D:10)
  7 bullfrogs
  6 wights
  5 killer bees (D:9)
  2 howler monkeys (D:6)
  4 orc priests
  4 hounds
  5 jellies
  A gnoll bouda (D:8)
  2 sleepcaps
  5 iguanas
  15 orc wizards
  6 gnolls
  10 adders
  A white imp (D:5)
  An ufetubus (D:5)
  30 orcs
  5 endoplasms
  13 giant cockroaches
  10 goblins
  7 hobgoblins
  10 jackals (D:1)
  16 kobolds
  11 quokkas
  11 ball pythons
  5 bats
  5 frilled lizards
  3 rats
264 creatures vanquished.

Vanquished Creatures (others)
  A plant (D:8)
1 creature vanquished.

Grand Total: 265 creatures vanquished

Notes
Turn   | Place    | Note
-------+----------+-------------------------------------------
     0 | D:1      | Fartwhistle the Gnoll Hunter began the quest for the Orb.
     0 | D:1      | Reached XP level 1. HP: 20/20 MP: 1/1
   193 | D:1      | Reached XP level 2. HP: 26/26 MP: 2/2
   317 | D:1      | Reached XP level 3. HP: 31/31 MP: 3/3
   683 | D:1      | Reached skill level 1 in Invocations
   693 | D:1      | Learned a level 1 spell: Slow
  1011 | D:2      | Reached skill level 1 in Short Blades
  1011 | D:2      | Reached skill level 1 in Long Blades
  1011 | D:2      | Reached skill level 1 in Axes
  1011 | D:2      | Reached skill level 1 in Maces & Flails
  1011 | D:2      | Reached skill level 1 in Polearms
  1011 | D:2      | Reached skill level 1 in Staves
  1011 | D:2      | Reached skill level 1 in Throwing
  1011 | D:2      | Reached skill level 1 in Armour
  1011 | D:2      | Reached skill level 1 in Shields
  1011 | D:2      | Reached skill level 1 in Unarmed Combat
  1011 | D:2      | Reached skill level 1 in Spellcasting
  1011 | D:2      | Reached skill level 1 in Evocations
  1184 | D:2      | Found a blossoming altar of Fedhas.
  1220 | D:2      | Reached XP level 4. HP: 38/38 MP: 5/5
  1881 | D:3      | Reached skill level 1 in Conjurations
  1881 | D:3      | Reached skill level 1 in Hexes
  1881 | D:3      | Reached skill level 1 in Summonings
  1881 | D:3      | Reached skill level 1 in Necromancy
  1881 | D:3      | Reached skill level 1 in Translocations
  1881 | D:3      | Reached skill level 1 in Transmutations
  1881 | D:3      | Reached skill level 1 in Fire Magic
  1881 | D:3      | Reached skill level 1 in Ice Magic
  1881 | D:3      | Reached skill level 1 in Air Magic
  1881 | D:3      | Reached skill level 1 in Earth Magic
  1881 | D:3      | Reached skill level 1 in Poison Magic
  1932 | D:3      | Identified the +1 whip "Xeof" {speed, Int+4 Dex+3}
  2083 | D:3      | Found an opulent altar of Gozag.
  2087 | D:3      | Became a worshipper of Gozag Ym Sagoz the Greedy
  2234 | D:3      | You fall into a shaft and drop 2 floors!
  2234 | D:5      | Entered Level 5 of the Dungeon
  2288 | D:5      | Reached XP level 5. HP: 36/43 MP: 5/7
  2345 | D:5      | Noticed an ice beast
  2493 | D:5      | Found a glowing drain.
  2498 | Sewer    | Entered a sewer
  2549 | Sewer    | Reached XP level 6. HP: 50/50 MP: 8/8
  2622 | Sewer    | Reached skill level 5 in Fighting
  2622 | Sewer    | Reached skill level 5 in Dodging
  2760 | Sewer    | Identified the +2 robe "Torr" {rC++ Str-4 Int+3}
  3135 | D:5      | Reached XP level 7. HP: 56/56 MP: 10/10
  3215 | D:5      | Found an ancient bone altar of Kikubaaqudgha.
  3359 | D:5      | Reached skill level 9 in Ranged Weapons
  3735 | D:5      | Found a shimmering blue altar of Sif Muna.
  3845 | D:4      | Reached XP level 8. HP: 56/63 MP: 12/12
  3946 | D:4      | Learned a level 3 spell: Confusing Touch
  3946 | D:4      | Found a blossoming altar of Fedhas.
  4942 | D:6      | Noticed a cyclops
  5004 | D:6      | Reached XP level 9. HP: 24/69 MP: 14/14
  5251 | D:6      | Killed a cyclops
  5252 | D:6      | Reached skill level 5 in Stealth
  5430 | D:6      | Found a staircase to the Ecumenical Temple.
  5646 | D:7      | Noticed a +0 spear
  5647 | D:7      | Noticed a +0 dagger
  5647 | D:7      | Noticed a +0 short sword
  5648 | D:7      | Noticed a +0 spear
  5648 | D:7      | Noticed a +0 falchion
  5649 | D:7      | Noticed a +0 dagger
  5650 | D:7      | Noticed a +0 short sword
  5650 | D:7      | Noticed a +0 falchion
  5664 | D:7      | Found a hide-covered altar of Uskayaw.
  5743 | D:7      | Reached skill level 5 in Invocations
  6447 | D:7      | Found a burning altar of Makhleb.
  7195 | D:8      | Noticed a two-headed ogre
  7196 | D:8      | Reached skill level 5 in Short Blades
  7196 | D:8      | Reached skill level 5 in Long Blades
  7196 | D:8      | Reached skill level 5 in Axes
  7196 | D:8      | Reached skill level 5 in Maces & Flails
  7196 | D:8      | Reached skill level 5 in Polearms
  7196 | D:8      | Reached skill level 5 in Staves
  7196 | D:8      | Reached skill level 5 in Throwing
  7196 | D:8      | Reached skill level 5 in Armour
  7196 | D:8      | Reached skill level 5 in Shields
  7196 | D:8      | Reached skill level 5 in Unarmed Combat
  7196 | D:8      | Reached skill level 5 in Spellcasting
  7196 | D:8      | Reached skill level 5 in Evocations
  7196 | D:8      | Reached XP level 10. HP: 48/77 MP: 17/17
  7331 | D:7      | Reached skill level 10 in Ranged Weapons
  7662 | D:7      | Killed a two-headed ogre
  7817 | D:8      | Learned a level 4 spell: Airstrike
  7937 | D:8      | Found a staircase to the Lair.
  8028 | D:8      | Found Borykh's Distillery.
  8031 | D:8      | Bought a potion of curing for 45 gold pieces
  8031 | D:8      | Bought a potion of heal wounds for 75 gold pieces
  8031 | D:8      | Bought a potion of curing for 45 gold pieces
  8084 | D:8      | Noticed a cyclops
  8383 | D:8      | Killed a cyclops
  8560 | D:9      | Noticed a two-headed ogre
  8566 | D:9      | Killed a two-headed ogre
  8567 | D:9      | Reached skill level 5 in Conjurations
  8567 | D:9      | Reached skill level 5 in Hexes
  8567 | D:9      | Reached skill level 5 in Summonings
  8567 | D:9      | Reached skill level 5 in Necromancy
  8567 | D:9      | Reached skill level 5 in Translocations
  8567 | D:9      | Reached skill level 5 in Transmutations
  8567 | D:9      | Reached skill level 5 in Fire Magic
  8567 | D:9      | Reached skill level 5 in Ice Magic
  8567 | D:9      | Reached skill level 5 in Air Magic
  8567 | D:9      | Reached skill level 5 in Earth Magic
  8567 | D:9      | Reached skill level 5 in Poison Magic
  8567 | D:9      | Reached XP level 11. HP: 51/85 MP: 18/20
  8761 | D:9      | Found a staircase to the Orcish Mines.
  9300 | D:9      | Found a broken altar of Ashenzari.
  9587 | D:10     | Entered Level 10 of the Dungeon
  9771 | D:10     | Found a sacrificial altar of Ru.
  9928 | D:10     | Noticed a centaur warrior
  9943 | D:10     | Killed a centaur warrior
 10403 | D:10     | Noticed Erolcha
 10477 | Lair:1   | Entered Level 1 of the Lair of Beasts
 10618 | Lair:1   | Reached skill level 11 in Ranged Weapons
 10876 | Lair:1   | Slain by a wolf

Illustrated notes

Levels and vault maps discovered:
D:1:      lightli_arrival_windingriver, layout_basic, amcnicky_mini_pool_small,
          corexii_corridor_pit, minmay_misc_feat_alley, minivault_11
D:2:      layout_basic, basic_altar, minmay_hexomino_u4
D:3:      layout_basic, marbit_many_paths, kennysheep_generic_room_6
D:4:      layout_loops_ring, fedhas_altar_3, nicolae_figureground_pulse
D:5:      layout_rooms, tgw_sif, kiku_gazebo_pond_becter, gup_sewer_entry_bowl
D:6:      wad_guarded_room, layout_basic, minmay_temple_entry_antechambers
D:7:      layout_layer_cave, makhleb_heckhound_becter, nicolae_uskayaw_en_pointe
D:8:      layout_rooms, erik_lair_orcish_takeover, serial_shops, shop,
          nrook_mini_vaults
D:9:      layout_basic, mainiacjoe_overflow_alcove_4, orc_0_dummy, minivault_26
D:10:     layout_cave_pools, nicolae_ru_path_of_blood, general_overflow_altar,
          uniq_erolcha
Lair:1:   layout_gridlike, hellmonk_guarded_unrand_seven_league_boots

Skill      XL: |  1  2  3  4  5  6  7  8  9 10 11 |
---------------+----------------------------------+-----
Invocations    | 1 2 3 4 5 6 7 |  7.7
Short Blades   | 1 2 3 5 6 7 |  7.0
Long Blades    | 1 2 3 5 6 7 |  7.0
Axes           | 1 2 3 5 6 7 |  7.0
Maces & Flails | 1 2 3 5 6 7 |  7.0
Polearms       | 1 2 3 5 6 7 |  7.0
Staves         | 1 2 3 5 6 7 |  7.0
Throwing       | 1 2 3 5 6 7 |  7.0
Armour         | 1 2 3 5 6 7 |  7.0
Shields        | 1 2 3 5 6 7 |  7.0
Unarmed Combat | 1 2 3 5 6 7 |  7.0
Spellcasting   | 1 2 3 5 6 7 |  7.0
Evocations     | 1 2 3 5 6 7 |  7.0
Conjurations   | 1 2 3 4 5 |  5.8
Hexes          | 1 2 3 4 5 |  5.8
Summonings     | 1 2 3 4 5 |  5.8
Necromancy     | 1 2 3 4 5 |  5.8
Translocations | 1 2 3 4 5 |  5.8
Transmutations | 1 2 3 4 5 |  5.8
Fire Magic     | 1 2 3 4 5 |  5.8
Ice Magic      | 1 2 3 4 5 |  5.8
Air Magic      | 1 2 3 4 5 |  5.8
Earth Magic    | 1 2 3 4 5 |  5.8
Poison Magic   | 1 2 3 4 5 |  5.8
Stealth        | 3 4 5 6 7 |  7.4
Fighting       | 5 6 7 8 |  8.5
Dodging        | 5 6 7 8 |  8.5
Ranged Weapons | 9 10 11 | 11.0

Action                     |  1- 3 |  4- 6 |  7- 9 | 10-12 || total
---------------------------+-------+-------+-------+-------++-------
  Melee: Whip              |       |       |       |    14 ||    14
         Bite              |       |       |       |     3 ||     3
         Dagger            |       |       |       |    26 ||    26
         Punch             |       |       |       |     3 ||     3
   Fire: Shortbow          |   104 |    65 |       |       ||   169
         Arbalest          |       |    71 |   212 |   287 ||   570
   Cast: Slow              |       |       |     2 |       ||     2
         Confusing Touch   |       |       |     1 |     1 ||     2
 Invoke: Potion Petition   |       |       |       |     2 ||     2
  Evoke: Wand              |       |       |       |     3 ||     3
    Use: Scroll            |       |     3 |     8 |     3 ||    14
         Potion            |       |       |       |     1 ||     1
   Stab: Confused          |       |       |       |     1 ||     1
 Armour: Leather armour    |    12 |     6 |       |       ||    18
         Robe              |       |       |    41 |    32 ||    73
         Shadow dragon sca |       |       |       |   126 ||   126
  Dodge: Dodged            |    32 |    19 |    77 |   221 ||   349
